| TOP OF THE 1ST |
|
Manchester Fisher Cats batting - Pitching for Reading Phillies : RHP Eric Wilkins
|
|
Pitching: RHP Eric Wilkins
|
|
|
Batting: LHB Carlos Cabassa
|
0-0: Ground out 4-3 (Groundball, 4MD, EV 87.5 MPH)
|
|
Batting: LHB Tim Derryberry
|
0-0: Ball 1-0: Called Strike 1-1: Foul Ball, location: 2F 1-2: Foul Ball, location: 2F 1-2: Fly out, F6 (Popup, 6MS, EV 78.1 MPH)
|
|
Batting: SHB Stan Javier
|
0-0: Ball 1-0: Ball 2-0: Ball 3-0: Base on Balls
|
|
Batting: RHB Joe Citari
|
0-0: Ball 1-0: Ground out 6-3 (Groundball, 6M, EV 103.1 MPH)
|
| Top of the 1st over - 0 runs, 0 hits, 0 errors, 1 left on base; Manchester 0 - Reading 0 |
| BOTTOM OF THE 1ST |
|
Reading Phillies batting - Pitching for Manchester Fisher Cats : RHP Allen Morlock
|
|
Pitching: RHP Allen Morlock
|
|
|
Batting: LHB George Johnson
|
0-0: DOUBLE (Flyball, 89D, EV 96.3 MPH)
|
|
Batting: LHB Alex Mata
|
0-0: Called Strike 0-1: Called Strike 0-2: Foul Ball, location: 2F 0-2: Foul Ball, location: 2F 0-2: Ground out 4-3 (Groundball, 4, EV 86.9 MPH) George Johnson to third
|
|
Batting: LHB Jerald Hammermeister
|
0-0: Ball 1-0: Called Strike 1-1: Ground out 4-3 (Groundball, 34, EV 79.4 MPH) George Johnson scores
|
|
Batting: LHB Pedro Rabassa
|
0-0: Foul Ball, location: 2F 0-1: Ball 1-1: Ball 2-1: Foul Ball, location: 2F 2-2: Strikes out looking
|
| Bottom of the 1st over - 1 run, 1 hit, 0 errors, 0 left on base; Manchester 0 - Reading 1 |
| TOP OF THE 2ND |
|
Manchester Fisher Cats batting - Pitching for Reading Phillies : RHP Eric Wilkins
|
|
Batting: LHB Jessie Reid
|
0-0: Called Strike 0-1: Ball 1-1: SINGLE (Line Drive, 78M, EV 96.9 MPH)
|
|
Batting: LHB Herbert Orensky
|
0-0: Called Strike 0-1: Swinging Strike 0-2: Strikes out swinging
|
|
Batting: SHB Danny Hernandez
|
0-0: Ball 1-0: Ball 2-0: Called Strike 2-1: Foul Ball, location: 2F 2-2: Ball 3-2: Base on Balls Jessie Reid to second
|
|
Batting: RHB Kevin Darst
|
0-0: Called Strike Jessie Reid steals 3rd base 0-1: Called Strike 0-2: Strikes out swinging Danny Hernandez steals 2nd base Batter strikes out.
|
|
Batting: RHB Reymundo Estevez
|
0-0: Swinging Strike 0-1: Ball 1-1: Called Strike 1-2: Foul Ball, location: 2F 1-2: Strikes out looking
|
| Top of the 2nd over - 0 runs, 1 hit, 0 errors, 2 left on base; Manchester 0 - Reading 1 |
| BOTTOM OF THE 2ND |
|
Reading Phillies batting - Pitching for Manchester Fisher Cats : RHP Allen Morlock
|
|
Batting: LHB Martino Martin
|
0-0: Called Strike 0-1: Swinging Strike 0-2: Ball 1-2: Strikes out looking
|
|
Batting: SHB Doug Baker
|
0-0: Ground out 5-3 (Groundball, 56, EV 100.0 MPH)
|
|
Batting: RHB Vincent Martelli
|
0-0: Ball 1-0: Foul Ball, location: 2F 1-1: Fly out, F7 (Line Drive, 7, EV 91.3 MPH)
|
| Bottom of the 2nd over - 0 runs, 0 hits, 0 errors, 0 left on base; Manchester 0 - Reading 1 |
| TOP OF THE 3RD |
|
Manchester Fisher Cats batting - Pitching for Reading Phillies : RHP Eric Wilkins
|
|
Batting: LHB Carlos Cabassa
|
0-0: Ball 1-0: Called Strike 1-1: Called Strike 1-2: Strikes out swinging
|
|
Batting: LHB Tim Derryberry
|
0-0: Ball 1-0: Ball 2-0: Swinging Strike 2-1: Called Strike 2-2: Strikes out swinging
|
|
Batting: SHB Stan Javier
|
0-0: Ball 1-0: Ball 2-0: Ball 3-0: Called Strike 3-1: Base on Balls
|
|
Batting: RHB Joe Citari
|
0-0: Ball Passed Ball! Stan Javier to second 1-0: Foul Ball, location: 2F 1-1: SINGLE (Line Drive, 56, EV 101.3 MPH) Stan Javier to third Runner from 3rd tries for Home, SAFE, throw by LF to home
|
|
Batting: LHB Jessie Reid
|
0-0: Swinging Strike 0-1: Fly out, F5 (Popup, 25F, EV 83.8 MPH)
|
| Top of the 3rd over - 1 run, 1 hit, 0 errors, 1 left on base; Manchester 1 - Reading 1 |
| BOTTOM OF THE 3RD |
|
Reading Phillies batting - Pitching for Manchester Fisher Cats : RHP Allen Morlock
|
|
Batting: RHB Thomas Thompson
|
0-0: Foul Ball, location: 2F 0-1: Ball 1-1: Ball 2-1: Ball 3-1: Fly out, F7 (Flyball, 7LD, EV 91.9 MPH)
|
|
Batting: RHB Mark Sproesser
|
0-0: Foul Ball, location: 2F 0-1: Ball 1-1: Foul Ball, location: 2F 1-2: Strikes out swinging
|
|
Batting: LHB George Johnson
|
0-0: Called Strike 0-1: Called Strike 0-2: Ball 1-2: Ball 2-2: Foul Ball, location: 2F 2-2: Ball 3-2: Base on Balls
|
|
Batting: LHB Alex Mata
|
0-0: Called Strike 0-1: Ball 1-1: Fly out, F8 (Flyball, 8RS, EV 76.3 MPH)
|
| Bottom of the 3rd over - 0 runs, 0 hits, 0 errors, 1 left on base; Manchester 1 - Reading 1 |
| TOP OF THE 4TH |
|
Manchester Fisher Cats batting - Pitching for Reading Phillies : RHP Eric Wilkins
|
|
Batting: LHB Herbert Orensky
|
0-0: Called Strike 0-1: Ball 1-1: Fly out, F4 (Flyball, 34D, EV 96.9 MPH)
|
|
Batting: SHB Danny Hernandez
|
0-0: Called Strike 0-1: Ball 1-1: Ball 2-1: Swinging Strike 2-2: Ball 3-2: Base on Balls
|
|
Batting: RHB Kevin Darst
|
0-0: Called Strike 0-1: Ball 1-1: Foul Ball, location: 2F 1-2: Ball 2-2: Foul Ball, location: 2F 2-2: Ball 3-2: Base on Balls Danny Hernandez to second
|
|
Batting: RHB Reymundo Estevez
|
0-0: Foul Ball, location: 2F 0-1: Called Strike 0-2: Ball 1-2: Strikes out swinging
|
|
Batting: LHB Carlos Cabassa
|
0-0: Ball 1-0: Called Strike 1-1: Ball 2-1: Foul Ball, location: 2F 2-2: Foul Ball, location: 2F 2-2: Strikes out swinging
|
| Top of the 4th over - 0 runs, 0 hits, 0 errors, 2 left on base; Manchester 1 - Reading 1 |
| BOTTOM OF THE 4TH |
|
Reading Phillies batting - Pitching for Manchester Fisher Cats : RHP Allen Morlock
|
|
Batting: LHB Jerald Hammermeister
|
0-0: Ball 1-0: Ball 2-0: Ball 3-0: Called Strike 3-1: SINGLE (Groundball, 4MD, EV 98.8 MPH)
|
|
Batting: LHB Pedro Rabassa
|
0-0: Ball 1-0: Swinging Strike 1-1: Called Strike 1-2: Ball 2-2: DOUBLE (Groundball, 3L, EV 106.9 MPH) Jerald Hammermeister to third
|
|
Batting: LHB Martino Martin
|
0-0: Fly out, F8 (Line Drive, 8LM, EV 98.8 MPH) Runner from 3rd tags up, SCORES, throw by CF Pedro Rabassa to third
|
|
Batting: SHB Doug Baker
|
0-0: Bunted foul 0-1: Ball 1-1: Squeeze Bunt to 23 - play home, runner scores, batter safe! Pedro Rabassa scores
|
|
Batting: RHB Vincent Martelli
|
0-0: Ball 1-0: Ball 2-0: Foul Ball, location: 2F 2-1: Foul Ball, location: 2F 2-2: Ball 3-2: Base on Balls Doug Baker to second
|
|
Batting: RHB Thomas Thompson
|
0-0: Called Strike 0-1: 3-RUN HOME RUN (Flyball, 7D, EV 106.9 MPH), Distance : 366 ft
|
|
Pitching: RHP Keith Creel
|
|
|
Batting: RHB Mark Sproesser
|
0-0: Ball 1-0: Foul Ball, location: 2F 1-1: Ball 2-1: Foul Ball, location: 2F 2-2: Fly out, F9 (Line Drive, 9D, EV 90.6 MPH)
|
|
Batting: LHB George Johnson
|
0-0: Called Strike 0-1: Foul Ball, location: 2F 0-2: Ball 1-2: SINGLE (Line Drive, 7S, EV 95.6 MPH)
|
|
Batting: LHB Alex Mata
|
0-0: Ball George Johnson steals 2nd, throwing error, E2 George Johnson to third 1-0: Fly out, F6 (Flyball, 6D, EV 88.1 MPH)
|
| Bottom of the 4th over - 5 runs, 4 hits, 1 error, 1 left on base; Manchester 1 - Reading 6 |
| TOP OF THE 5TH |
|
Manchester Fisher Cats batting - Pitching for Reading Phillies : RHP Eric Wilkins
|
|
Batting: LHB Tim Derryberry
|
0-0: Called Strike 0-1: Ball 1-1: Ball 2-1: Foul Ball, location: 2F 2-2: Ball 3-2: Ground out 6-3 (Groundball, 6, EV 104.4 MPH)
|
|
Batting: SHB Stan Javier
|
0-0: Ball 1-0: Foul Ball, location: 2F 1-1: Called Strike 1-2: Foul Ball, location: 2F 1-2: Ball 2-2: Ball 3-2: Strikes out swinging
|
|
Batting: RHB Joe Citari
|
0-0: Foul Ball, location: 2F 0-1: Called Strike 0-2: Foul Ball, location: 2F 0-2: Foul Ball, location: 2F 0-2: Ball 1-2: Ball 2-2: SINGLE (Line Drive, 7S, EV 106.3 MPH)
|
|
Batting: LHB Jessie Reid
|
0-0: Ball 1-0: Ball 2-0: SINGLE (Line Drive, 56D, EV 99.4 MPH) Joe Citari to second
|
|
Batting: LHB Herbert Orensky
|
0-0: Foul Ball, location: 2F 0-1: Ball 1-1: Ball 2-1: Fly out, F8 (Line Drive, 8RD, EV 105.0 MPH)
|
| Top of the 5th over - 0 runs, 2 hits, 0 errors, 2 left on base; Manchester 1 - Reading 6 |
| BOTTOM OF THE 5TH |
|
Reading Phillies batting - Pitching for Manchester Fisher Cats : RHP Keith Creel
|
|
Batting: LHB Jerald Hammermeister
|
0-0: Ball 1-0: Swinging Strike 1-1: Ball 2-1: Called Strike 2-2: SINGLE (Line Drive, 6D, EV 97.5 MPH)
|
|
Batting: LHB Pedro Rabassa
|
0-0: Called Strike 0-1: Ball 1-1: Ball 2-1: Foul Ball, location: 2F 2-2: Ball 3-2: SINGLE (Line Drive, 89S, EV 91.9 MPH) Jerald Hammermeister to second
|
|
Batting: LHB Martino Martin
|
0-0: Fly out, F5 (Line Drive, 5, EV 68.8 MPH)
|
|
Batting: SHB Doug Baker
|
0-0: Called Strike 0-1: Fielders Choice at 2nd, 1-6 (Groundball, 13S, EV 61.9 MPH) Jerald Hammermeister to third
|
|
Batting: RHB Vincent Martelli
|
0-0: Ball 1-0: Foul Ball, location: 2F 1-1: Ball 2-1: Ball 3-1: Swinging Strike 3-2: Ground out 1-3 (Groundball, 15S, EV 68.8 MPH)
|
| Bottom of the 5th over - 0 runs, 2 hits, 0 errors, 2 left on base; Manchester 1 - Reading 6 |
| TOP OF THE 6TH |
|
Manchester Fisher Cats batting - Pitching for Reading Phillies : RHP Eric Wilkins
|
|
Batting: SHB Danny Hernandez
|
0-0: Foul Ball, location: 2F 0-1: Called Strike 0-2: Fly out, F9 (Line Drive, 9D, EV 94.4 MPH)
|
|
Batting: RHB Kevin Darst
|
0-0: Ball 1-0: Ball 2-0: Ball 3-0: Called Strike 3-1: Foul Ball, location: 2F 3-2: Foul Ball, location: 2F 3-2: Foul Ball, location: 2F 3-2: Strikes out swinging
|
|
Batting: RHB Reymundo Estevez
|
0-0: Fly out, F9 (Flyball, 89D, EV 91.9 MPH)
|
| Top of the 6th over - 0 runs, 0 hits, 0 errors, 0 left on base; Manchester 1 - Reading 6 |
| BOTTOM OF THE 6TH |
|
Reading Phillies batting - Pitching for Manchester Fisher Cats : RHP Keith Creel
|
|
Batting: RHB Thomas Thompson
|
0-0: Ball 1-0: Called Strike 1-1: Foul Ball, location: 2F 1-2: Strikes out swinging
|
|
Batting: RHB Mark Sproesser
|
0-0: Called Strike 0-1: Ball 1-1: Foul Ball, location: 2F 1-2: SINGLE (Groundball, 6MS, EV 90.0 MPH) (infield hit)
|
|
Batting: LHB George Johnson
|
0-0: Ball 1-0: Called Strike 1-1: Swinging Strike 1-2: Strikes out swinging
|
|
Batting: LHB Alex Mata
|
0-0: Called Strike 0-1: Ball 1-1: Ball 2-1: Swinging Strike 2-2: Fielders Choice at 2nd, U4 (Groundball, 4M, EV 83.1 MPH)
|
| Bottom of the 6th over - 0 runs, 1 hit, 0 errors, 1 left on base; Manchester 1 - Reading 6 |
| TOP OF THE 7TH |
|
Manchester Fisher Cats batting - Pitching for Reading Phillies : RHP Eric Wilkins
|
|
Batting: LHB Carlos Cabassa
|
0-0: Foul Ball, location: 2F 0-1: Foul Ball, location: 2F 0-2: Fly out, F9 (Flyball, 89M, EV 79.4 MPH)
|
|
Batting: LHB Tim Derryberry
|
0-0: Swinging Strike 0-1: Swinging Strike 0-2: Strikes out looking
|
|
Batting: SHB Stan Javier
|
0-0: Swinging Strike 0-1: Foul Ball, location: 2F 0-2: Ball 1-2: Foul Ball, location: 2F 1-2: Foul Ball, location: 2F 1-2: Foul Ball, location: 2F 1-2: Ball 2-2: Foul Ball, location: 2F 2-2: Strikes out swinging
|
| Top of the 7th over - 0 runs, 0 hits, 0 errors, 0 left on base; Manchester 1 - Reading 6 |
| BOTTOM OF THE 7TH |
|
Reading Phillies batting - Pitching for Manchester Fisher Cats : RHP Keith Creel
|
|
Batting: LHB Jerald Hammermeister
|
0-0: SOLO HOME RUN (Flyball, 9D, EV 105.0 MPH), Distance : 412 ft
|
|
Batting: LHB Pedro Rabassa
|
0-0: Ball 1-0: Foul Ball, location: 2F 1-1: Fly out, F7 (Line Drive, 7, EV 107.5 MPH)
|
|
Batting: LHB Martino Martin
|
0-0: Foul Ball, location: 2F 0-1: Ball 1-1: Foul Ball, location: 2F 1-2: Fly out, F4 (Line Drive, 4, EV 65.6 MPH)
|
|
Batting: SHB Doug Baker
|
0-0: Swinging Strike 0-1: Ground out U3 (Groundball, 34S, EV 76.3 MPH)
|
| Bottom of the 7th over - 1 run, 1 hit, 0 errors, 0 left on base; Manchester 1 - Reading 7 |
| TOP OF THE 8TH |
|
Manchester Fisher Cats batting - Pitching for Reading Phillies : RHP Eric Wilkins
|
|
Batting: RHB Joe Citari
|
0-0: Ground out 6-3 (Groundball, 6, EV 107.5 MPH)
|
|
Batting: LHB Jessie Reid
|
0-0: Called Strike 0-1: Ball 1-1: Ground out 6-3 (Groundball, 6M, EV 91.3 MPH)
|
|
Batting: LHB Herbert Orensky
|
0-0: Ball 1-0: Foul Ball, location: 2F 1-1: Fly out, F8 (Flyball, 8RS, EV 95.6 MPH)
|
| Top of the 8th over - 0 runs, 0 hits, 0 errors, 0 left on base; Manchester 1 - Reading 7 |
| BOTTOM OF THE 8TH |
|
Reading Phillies batting - Pitching for Manchester Fisher Cats : RHP Keith Creel
|
|
Batting: RHB Vincent Martelli
|
0-0: Foul Ball, location: 2F 0-1: Foul Ball, location: 2F 0-2: Fly out, F8 (Flyball, 8RM, EV 93.8 MPH)
|
|
Batting: RHB Thomas Thompson
|
0-0: Called Strike 0-1: Ball 1-1: Fly out, F4 (Flyball, 4D, EV 88.8 MPH)
|
|
Batting: RHB Mark Sproesser
|
0-0: Ball 1-0: Foul Ball, location: 2F 1-1: Swinging Strike 1-2: Ground out 6-3 (Groundball, 6, EV 78.1 MPH)
|
| Bottom of the 8th over - 0 runs, 0 hits, 0 errors, 0 left on base; Manchester 1 - Reading 7 |
| TOP OF THE 9TH |
|
Manchester Fisher Cats batting - Pitching for Reading Phillies : RHP Eric Wilkins
|
|
Batting: SHB Danny Hernandez
|
0-0: Ball 1-0: Ball 2-0: Ball 3-0: Called Strike 3-1: Fly out, F9 (Flyball, 89XD, EV 95.6 MPH)
|
|
Batting: RHB Kevin Darst
|
0-0: Called Strike 0-1: Ground out 5-3 (Groundball, 56, EV 81.3 MPH)
|
|
Batting: RHB Reymundo Estevez
|
0-0: Foul Ball, location: 2F 0-1: SINGLE (Line Drive, 89S, EV 111.9 MPH)
|
|
Batting: LHB Carlos Cabassa
|
0-0: Ball 1-0: Ball 2-0: Ball 3-0: Called Strike 3-1: Foul Ball, location: 2F 3-2: Foul Ball, location: 2F 3-2: Foul Ball, location: 2F 3-2: Base on Balls Reymundo Estevez to second
|
|
Batting: LHB Tim Derryberry
|
0-0: Swinging Strike 0-1: Swinging Strike 0-2: Foul Ball, location: 2F 0-2: Foul Ball, location: 2F 0-2: Ball 1-2: Strikes out looking
|
| Top of the 9th over - 0 runs, 1 hit, 0 errors, 2 left on base; Manchester 1 - Reading 7 |
|